 Dungeon Crawl Stone Soup version 0.20-a0-441-g89e74e4 (webtiles) character file.

18 M4edhros the Grave Robber (level 2, 0/17 HPs)
             Began as an Octopode Necromancer on Jan 6, 2017.
             Was an Initiate of Cheibriados.
             Slain by a goblin (1 damage)
             ... on level 2 of the Dungeon.
             The game lasted 00:01:40 (286 turns).

M4edhros the Grave Robber (Octopode Necromancer)     Turns: 286, Time: 00:01:41

Health: 0/17       AC:  8    Str:  8    XL:     2   Next: 66%
Magic:  5/5        EV: 13    Int: 18    God:    Cheibriados [......]
Gold:   26         SH:  0    Dex: 13    Spells: 2/5 levels left

rFire  . . .     SeeInvis .     d - +0 short sword (protect)
rCold  . . .     Gourm    .     (no shield)
rNeg   . . .     Faith    .     (helmet restricted)
rPois  .         Spirit   .     (no amulet)
rElec  .         Reflect  .     (no ring)
rCorr  .         Harm     .     (no ring)
MR     .....                    (no ring)
Stlth  +++.......               (no ring)
                                (no ring)
                                (no ring)
                                (no ring)
                                (no ring)

@: protection aura, very slow
A: almost no armour, stealthy swim, amphibious, 8 rings, constrict 8, camouflage
1, gelatinous body 1
a: Bend Time, Renounce Religion


You were on level 2 of the Dungeon.
You worshipped Cheibriados.
Cheibriados was noncommittal.
You were not hungry.

You visited 1 branch of the dungeon, and saw 3 of its levels.

You collected 26 gold pieces.

Inventory:

Hand Weapons
 d - a +0 short sword of protection (weapon)
Scrolls
 c - a scroll of remove curse {unknown}
 f - a scroll of fear {unknown}
Potions
 e - a potion of heal wounds {unknown}
Books
 a - a book of Necromancy

   Spells                             Type                      Level
   a - Pain                           Necromancy                   1
   b - Animate Skeleton               Necromancy                   1
   c - Vampiric Draining              Necromancy                   3
   d - Regeneration                   Charms/Necromancy            3
   e - Animate Dead                   Necromancy                   4
   f - Control Undead                 Necromancy                   4
 g - a book of Cantrips

   Spells                             Type                      Level
   a - Confusing Touch                Hexes                        1
   b - Animate Skeleton               Necromancy                   1
   c - Summon Small Mammal            Summoning                    1
   d - Apportation                    Translocation                1
Comestibles
 b - 2 bread rations
 h - a chunk of flesh
 i - a beef jerky


   Skills:
 - Level 2.0 Dodging
 * Level 2.9 Stealth
 + Level 2.0 Unarmed Combat
 - Level 2.0 Spellcasting
 - Level 4.0 Necromancy


You had 2 spell levels left.
You knew the following spells:

 Your Spells              Type           Power        Failure   Level  Hunger
a - Pain                  Necr           ###.         3%          1    #......
b - Animate Skeleton      Necr           N/A          3%          1    #......
c - Confusing Touch       Hex            #.....       17%         1    #......


Dungeon Overview and Level Annotations

Branches:
Dungeon (3/15)

Altars:
Cheibriados


Innate Abilities, Weirdness & Mutations

You cannot wear most types of armour.
You are very stealthy in the water. (Stealth+)
You are amphibious.
You can wear up to eight rings at the same time.
You can use your tentacles to constrict eight enemies at once.
Your skin changes colour to match your surroundings (Stealth+).
Your rubbery body absorbs attacks. (AC +1, EV +1)


Message History

Found a lead wand.
You see here a stone.
The kobold throws a stone.
The stone hits you but does no damage.
The kobold throws a stone.
The stone hits you.
Things that are here:
2 stones; 14 gold pieces You now have 26 gold pieces (gained 14).
The kobold throws a stone.
The stone barely misses you.
An ooze comes into view.
The kobold hits you with a short sword.
* * * LOW HITPOINT WARNING * * *
The goblin shouts!
The ooze quivers.
You hit the kobold but do no damage.
Your weapon exudes an aura of protection.
Your grab misses the kobold. You squeeze the kobold.
You kill the kobold!
Cheibriados appreciates the change of pace.
The goblin hits you.
You die...

###.####.# ..#
##.....##.##
#...#.......#..# .
#J..#.......#..# ...
#/#....$_..†...# ....
#.#.#.......#..#
....###.#.#.......#..#
......g)#.##.....##..#
#.#.@#.####.####..###
#.(.#...............
##..(..<..###.......
#.....###.#####[######
#....## ##......######
.......# ##...........
...#...# #.##########.
###.###. #. ## ## #


You could see an ooze and a goblin.

Vanquished Creatures
  An adder (D:2)
  2 goblins (D:1)
  A hobgoblin (D:3)
  2 kobolds
  A ball python (D:2)
  A bat (D:2)
  A rat (D:2)
9 creatures vanquished.

Notes
Turn   | Place    | Note
-------+----------+-------------------------------------------
     0 | D:1      | M4edhros the Octopode Necromancer began the quest for the Orb.
     0 | D:1      | Reached XP level 1. HP: 11/11 MP: 3/3
    79 | D:2      | Reached skill level 1 in Unarmed Combat
   105 | D:2      | Reached XP level 2. HP: 3/17 MP: 5/5
   148 | D:3      | Learned a level 1 spell: Animate Skeleton
   150 | D:3      | Learned a level 1 spell: Confusing Touch
   255 | D:2      | Found a snail-covered altar of Cheibriados.
   258 | D:2      | niiiiiiiiiiiiiiiiiiice chei, book of cantrips and sword of port d2
   264 | D:2      | Became a worshipper of Cheibriados the Contemplative
   286 | D:2      | Slain by a goblin

Vault maps used:
D:1:      minmay_arrival_five_plusses, lemuel_old_faithful
D:2:      old_standard_altar, uniq_natasha, uniq_terence, uniq_jessica
D:3:      minitemple, uniq_crazy_yiuf_cottage

Skill      XL: |  1 |
---------------+----+-----
Unarmed Combat | 2 |  2.0
Dodging        | |  2.0
Stealth        | |  2.9
Spellcasting   | |  2.0
Necromancy     | |  4.0

Action                   || total
-------------------------++-------
Melee: Unarmed           ||     8
       Short sword       ||     8
       Tentacles         ||     4
       Constrict         ||     3
 Cast: Pain              ||     4
 Stab: Sleeping          ||     2
Armor: Skin              ||     2
Dodge: Dodged            ||     9
